 Dungeon Sprint DCSS version 0.16-a0-3841-g2612308 (console) character file.

204 Monkaria the Carver (level 5, -4/56 HPs)
             Began as a Hill Orc Fighter on Jan 30, 2015.
             Was a Plaything of Xom.
             Slain by a hill giant
             ... wielding a +0 giant spiked club
              (24 damage)
             ... in the Dungeon (Sprint IX: "|||||||||||||||||||||||||||||").
             The game lasted 00:01:26 (269 turns).

Monkaria the Carver (Hill Orc Fighter)               Turns: 269, Time: 00:01:26

Health: -4/56      AC: 12    Str: 20    XL:     5   Next: 82%
Magic:  5/5        EV:  5    Int: 19    God:    Xom [..*...]
Gold:   0          SH:  9    Dex: 10    Spells: 0 memorised, 4 levels left

rFire  . . .     SeeInvis .     p - +2 scimitar (flame)
rCold  . . .     Clarity  .     s - +1 chain mail
rNeg   . . .     SustAb   .     c - +0 shield
rPois  .         Gourm    .     r - +0 helmet
rElec  .         Spirit   .     (no cloak)
rCorr  .         Warding  .     (no gloves)
rMut   .         NoTele   +     q - +0 pair of boots
MR     .....                    (no amulet)
Stlth  ..........               u - +3 ring of intelligence
                                t - +3 ring of intelligence

@: brilliant, not resistant to hostile enchantments, extremely unstealthy
A: no striking features
a: Renounce Religion


You were in the Dungeon.
You worshipped Xom.
You were a toy of Xom.
You were not hungry.

You visited 1 branch

Inventory:

Hand weapons
 p - a +2 scimitar of flaming (weapon)
Armour
 c - a +0 shield (worn)
 q - a +0 pair of boots (worn)
 r - a +0 helmet (worn)
 s - a +1 chain mail (worn)
Jewellery
 t - a +3 ring of intelligence (left hand)
 u - a +3 ring of intelligence (right hand)
Magical devices
 o - a wand of cold (5)
Scrolls
 k - 2 scrolls of blinking
 m - 3 scrolls of remove curse
 n - 2 scrolls of amnesia
Potions
 e - a potion of might
 f - 5 potions of curing
 g - 2 potions of heal wounds
 h - a potion of haste
 i - 4 potions of magic
 j - a potion of berserk rage
 l - a potion of invisibility
Comestibles
 d - a meat ration


   Skills:
 + Level 8.7 Fighting
 * Level 10.5 Long Blades
 - Level 3.2 Armour
 - Level 3.2 Shields


You had 4 spell levels left.
You didn't know any spells.

Dungeon Overview and Level Annotations

Branches:
Dungeon (1/1)

Altars:
Cheibriados
Dithmenos
Elyvilon
Fedhas
Gozag
Kikubaaqudgha
Makhleb
Nemelex Xobeh
Okawaru
Qazlal
Ru
Sif Muna
Trog
Vehumet
Xom
Yredelemnul
Zin
The Shining One
Beogh
Jiyva
Lugonu


Message History

Zapping:
o - a wand of cold (6)
Press: ? - help, Shift-Dir - straight line, f/p - hill giant
Aim: a hill giant, wielding a giant spiked club (moderately wounded)
The bolt of cold hits the hill giant.
The hill giant is heavily wounded.
The bolt of cold hits the jelly.
The jelly is severely wounded.
This wand has 5 charges left.
You block the hill giant's attack.
You hear a slurping noise.
Drink which item? (? for menu, Esc to quit)
You feel much better.
The hill giant hits you with a giant spiked club.
You hit the hill giant but do no damage.
The hill giant is heavily wounded.
You hit the hill giant but do no damage.
The hill giant is heavily wounded. "Serve the toy, my child!"
The hill giant hits you with a giant spiked club!!
You die...
Xom giggles madly!

▓_▓
▓_▓
▓_▓
▓_▓
▓_▓
▓_▓
▓_▓
▓5▓
▓@▓
▓C▓
▓J▓
▓.▓
▓.▓
▓.▓
▓)▓
▓.▓
▓.▓


You could see a hill giant, a jelly and a friendly ufetubus.

Vanquished Creatures
  A yak (D)
  2 worker ants (D)
  An adder zombie (D)
  A bat (D)
  A bat zombie (D)
  A goblin (D)
  4 hobgoblins (D)
  A kobold (D)
  A giant gecko zombie (D)
  A rat (D)
14 creatures vanquished.

Vanquished Creatures (others)
  A butterfly (D)
1 creature vanquished.

Grand Total: 15 creatures vanquished

Notes
Turn   | Place    | Note
--------------------------------------------------------------
     0 | D        | Monkaria, the Hill Orc Fighter, began the quest for the Orb.
     0 | D        | Reached XP level 1. HP: 19/19 MP: 1/1
     7 | D        | Reached skill level 4 in Fighting
    47 | D        | Noticed a worker ant
    47 | D        | Noticed a worker ant
    51 | D        | Killed a worker ant
    51 | D        | Reached skill level 5 in Fighting
    51 | D        | Reached skill level 5 in Long Blades
    51 | D        | Reached XP level 2. HP: 21/29 MP: 2/2
    51 | D        | Reached XP level 3. HP: 26/36 MP: 3/3
    57 | D        | Killed a worker ant
    57 | D        | Reached skill level 6 in Fighting
    71 | D        | Found a glowing silver altar of Zin.
    71 | D        | Found a glowing golden altar of the Shining One.
    71 | D        | Found an ancient bone altar of Kikubaaqudgha.
    71 | D        | Found a basalt altar of Yredelemnul.
    71 | D        | Found a shimmering altar of Xom.
    71 | D        | Found a radiant altar of Vehumet.
    71 | D        | Found an iron altar of Okawaru.
    72 | D        | Found a burning altar of Makhleb.
    73 | D        | Found a deep blue altar of Sif Muna.
    74 | D        | Found a bloodstained altar of Trog.
    75 | D        | Found a sparkling altar of Nemelex Xobeh.
    76 | D        | Found a white marble altar of Elyvilon.
    77 | D        | Found a roughly hewn altar of Beogh.
    78 | D        | Found a viscous altar of Jiyva.
    79 | D        | Found a corrupted altar of Lugonu.
    80 | D        | Found a blossoming altar of Fedhas.
    81 | D        | Found a snail-covered altar of Cheibriados.
    82 | D        | Found a shadowy altar of Dithmenos.
    83 | D        | Found a stormy altar of Qazlal.
    84 | D        | Found an opulent altar of Gozag.
    85 | D        | Found a sacrificial altar of Ru.
   167 | D        | Became a worshipper of Xom the Fickle
   233 | D        | Noticed a yak
   233 | D        | Noticed a hill giant
   233 | D        | Noticed a jelly
   234 | D        | Reached skill level 7 in Long Blades
   234 | D        | Reached XP level 4. HP: 44/44 MP: 4/4
   237 | D        | XOM: potion effect (brilliance)
   243 | D        | Killed a yak
   243 | D        | Reached skill level 8 in Fighting
   243 | D        | Reached skill level 10 in Long Blades
   243 | D        | Reached XP level 5. HP: 33/56 MP: 5/5
   244 | D        | XOM: butterfly on damage
   269 | D        | XOM: summons friendly ufetubus
   269 | D        | Slain by a hill giant

Action                   |  1- 3 |  4- 6 || total
-------------------------+-------+-------++-------
Melee: Long sword        |    28 |       ||    28
       Scimitar          |     1 |    11 ||    12
Evoke: Wand              |       |     2 ||     2
  Use: Potion            |       |     1 ||     1
